Workbook
Name date: '✅ Check-list'!#REF!

Sheet 👋 Bienvenue
C2: CHECK-LIST pour logements en locatif et accession

Sheet 🗓 Planning
C2: Délai | D2: Date ou période de réalisation (prévue ou effective) | E2: Échéance
B3: Signature PUV ou PSV
B4: 1ère réunion de montage
B5: Rendu du DIAG ou ESQ
B6: Rendu de l'APS
B7: Rendu de l'APD
B8: Rendu du dossier PC
B9: Dépôt PC | E9: ⚠️ Échéance indiquée dans la promesse ?
B10: Dépôt DOFI
B11: Obtention agrément | E11: ⚠️ Échéance indiquée dans la promesse ?
B12: Rendu du PRO / DCE
B13: PC obtenu | C13: Dépôt + 1 à 5 mois | E13: ⚠️ Échéance indiquée dans la promesse ?
B14: Lancement Co | C14: Au PC obtenu
B15: AO | C15: Au PC obtenu
B16: Consultation / négo entreprises
B17: PC purgé | C17: PC obtenu + 3 mois | E17: ⚠️ Échéance indiquée dans la promesse ?
B18: xx % comm. atteint | E18: ⚠️ Échéance indiquée dans la promesse ?
B19: Obtention prêt(s) | E19: ⚠️ Échéance indiquée dans la promesse ?
B20: Obtention GFA
B21: Signature acte 🍾 | C21: À la levée des CS | E21: ⚠️ Validité de la promesse
B22: DOC | C22: Dès l'acte | E22: ⚠️ Durée de validité de l'autorisation d'urbanisme
B23: OS | C23: Dès l'acte
B24: Sign. VEFA 🍾 | C24: Dès l'acte
B25: Fin GO
B26: Hors d'eau hors d'air
B27: Fin des cloisons
B28: Visites cloison | E28: ⚠️ Échéance indiquée dans l'acte de VEFA ?
B29: Visite témoin | E29: ⚠️ Échéance indiquée dans l'acte de VEFA ?
B30: Pré-réception | C30: Réception - 1 M
B31: Pré-livraison | C31: Livraison - 1 M | E31: ⚠️ Échéance indiquée dans l'acte de VEFA ?
B32: Réception | C32: DOC + 18 ou 24 M
B33: Livraison | C33: Réception + 1 M | E33: ⚠️ Échéance indiquée dans l'acte de VEFA
B34: 1ère AG
B35: Fin GPA | C35: Réception + 1 an
B36: Fin GBF | C36: Réception + 2 ans
B37: Fin décennale | C37: Réception + 10 ans

Sheet ✅ Check-list
E2: CHECK-LIST pour logements en locatif et accession
D7: Statut | E7: Tâche ou événement jalon | F7: Aide | G7: Astuces & points de vigilance | H7: Date de réalisation (prévue ou effective) | I7: Échéance
E8: ÉTUDE DE FAISABILITÉ
D9: En attente | E9: Analyser les documents d'urbanisme (PLU, PPRI, PPRN, cahier des charges de ZAC, OAP…) | F9: 🔗 | G9: 💡Consultez Géoportail de l'Urbanisme (lien à gauche)
D10: En attente | E10: Faire réaliser une étude de capacité par un architecte
D11: En attente | E11: Vérifier la présence proche d'un monument historique (MH) | F11: 🔗 | G11: 💡 Consultez le site "Atlas des Patrimoines" (lien à gauche) 🚨 Risque de délai d'instruction + long ⚠️ Dans le périmètre d'un MH, pas de DP possible. Pour une division parcellaire il vous faudra un PA. Pour une rénovation il vous faudra un PC.
D12: En attente | E12: Vérifier si le projet est en secteur ABF
D13: En attente | E13: Vérifier si le projet est exposé à des gênes sonores (PEB, PGS, classement des voies…) | F13: 🔗 | G13: 💡Consultez Géoportail pour les PEB et PGS (lien à gauche) 💡Consultez l’arrêté prefectoral de classement sonore
D14: En attente | E14: Analyser les risques naturels et industriels liés au territoire | F14: 🔗 | G14: 💡Consultez Géorisques (lien à gauche)
D15: En attente | E15: Analyser les risques liés au dérèglement climatique | F15: 🔗 | G15: 💡Consultez BatAdapt (lien à gauche)
D16: En attente | E16: Faire une étude de marché / estimation des prix de vente
D17: En attente | E17: S'informer sur les financements, subventions, majorations de loyers possibles
D18: En attente | E18: S'informer sur le calcul des taxes (PFAC, archéo, TA) | F18: 🔗 | G18: 💡Utilisez un simulateur de calcul
D19: En attente | E19: Identifier les risques liés au projet (recours sur PC, problème de voisinage …) | F19: 🔗 | G19: 💡La gestion des risques est une notion importante de la gestion de projet (voir mon guide gratuit via le lien à gauche)
D20: En attente | E20: Estimer le coût travaux
D21: En attente | E21: ⭐️ Faire des simulations financières sur la base de l'étude de capacité
D22: En attente | E22: ⭐️ Déterminer le programme (nbr logements, garages, SHAB, SP,…) | G22: 💡Pensez à concerter vos collègues et autres intervenants concernés (financeurs…)
D23: En attente | E23: ⭐️ Définir le planning prévisionnel
D24: En attente | E24: Facultatif: Rencontrer le service urbanisme
D25: En attente | E25: Facultatif : Déposer un CU a et/ou b pour geler les règles et taxes d'urbanisme | F25: 🔗 | G25: 🚨 Validité 18 mois
E27: ENGAGEMENT DE L'OPÉRATION
D28: En attente | E28: Décider d'engager l'opération + Définir les objectifs précis du projet (marge attendue, délai…) | G28: 💡Définissez des objectifs "SMART"
D29: En attente | E29: Rédiger l'offre au propriétaire | G29: ⚠️ Attention aux conditions, délais et prix annoncés 💡Une dation est possible
D30: En attente | E30: Demander le projet de promesse (PUV, PSV, …) ou de compromis au notaire | G30: ⚠️ Préciser conditions, délais, prix…
D31: En attente | E31: Relire attentivement la promesse et ses annexes | G31: ⚠️ Attention aux conditions, délais, prix…
D32: En attente | E32: Signature de la promesse ou du compromis | G32: 💡Peut se signer sous seing privé mais attention validité max 18 mois | H32: ='🗓 Planning'!D3 -> 0
D33: En attente | E33: Verser l’indemnité d’immobilisation ou fournir une caution bancaire
D34: En attente | E34: ⭐️ Préciser les échéances de la promesse et planifier la levée des conditions suspensives | G34: 💡Compléter cette check-list et mettre à jour le planning ⚠️ Pensez également à suivre la levée des conditions suspensives de droit commun
E36: MONTAGE JURIDIQUE
D37: En attente | E37: Constituer la société support du programme
D38: En attente | E38: Si co-promotion : Etablir la convention de co-promotion
E40: CONSULTATION DE L'EQUIPE DE MOE
D41: En attente | E41: Renseigner la note de cadrage du programme | G41: 💡Définissez des objectifs "SMART" ⚠️ Attention au niveau de prestations des logements choisi
D42: En attente | E42: Choisir la procédure de consultation selon les seuils | F42: 🔗 | G42: ⚠️ Attention différentes procédures de marchés publics existent
D43: En attente | E43: Préparer les pièces de consultation, notamment le Règlement de Consultation (RC)
D44: En attente | E44: Publier l'Appel d'Offre (AO) | F44: 🔗 | G44: ⚠️ Un avis de marché est à publier dans certaines procédures de passation. Les règles de publicité varient selon le montant du marché et la nature de l’acheteur.
D45: En attente | E45: Organiser et tenir la Commission d'Ouverture des Plis (COP)
D46: En attente | E46: Analyser les offres et établir le RAO
D47: En attente | E47: Facultatif : Organiser et tenir des Négociations ou Auditions
D48: En attente | E48: Facultatif : Mettre à jour le RAO selon les Négociations ou Auditions
D49: En attente | E49: Organiser et tenir la Commission d'Attribution des Offres (CAO) avec PV
D50: En attente | E50: Notifier les non-retenus et informer les retenus | F50: 🔗 | G50: ⚠️ Les entreprises candidates non retenues ont la possibilité d'exercer des recours.
D51: En attente | E51: Signer le contrat avec l'équipe de MOE retenue | F51: 🔗 | G51: 💡Tenir à jour une liste des intervenants (lien à gauche) 💡Annexer la note de cadrage 💡Mettre à jour le bilan financier en fonction des montants des honoraires négociés
E53: LANCEMENT DES ETUDES
D54: En attente | E54: Si besoin : Consulter un AMO (habitat participatif, réeemploi…)
D55: En attente | E55: Si concerné : Commander les labels ou certifications attendus
D56: En attente | E56: Consulter un Contrôleur Technique | F56: 🔗 | G56: 💡Différentes missions existes (voir lien à gauche)
D57: En attente | E57: Signer le contrat du Contrôleur Technique | G57: 💡Annexer la note de cadrage 💡Mettre à jour le bilan financier en fonction du montant des honoraires négocié
D58: En attente | E58: Consulter un CSPS | F58: 🔗 | G58: 💡 Voir guide CARSAT pour comprendre les différentes missions d'un CSPS (lien à gauche) 💡 Voir guide de calcul des honoraires d'un CSPS en cliquant ici
D59: En attente | E59: Signer le contrat du CSPS | G59: 💡Annexer la note de cadrage 💡Mettre à jour le bilan financier en fonction du montant des honoraires négocié
D60: En attente | E60: "Kick-off meeting" : 1ère réunion avec l'équipe conception | G60: ☕️ Prévoyez un moment de convivialité 💡 Préparez une présentation PowerPoint ou Canva 💡Rappelez les objectifs inscrits dans la note de cadrage 💬 Communiquez sur cet événement | H60: ='🗓 Planning'!D4 -> 0
D61: En attente | E61: Planifier les réunions avec l'équipe conception jusqu'au dépôt PC et rendu APD | G61: 💡Calez dans les agendas de tout le monde une réunion hebdomadaire par exemple
D62: En attente | E62: Organiser une visite sur site avec l'équipe conception | G62: 💡Pensez aussi à inviter vos collègues qui travailleront sur le projet
E64: DÉMARCHES À LANCER DÈS QUE POSSIBLE
D65: En attente | E65: Demander l'avis du Domaine (évaluation domaniale) | G65: ⚠️ Vous ne devrez pas acheter votre foncier à un prix supérieur ⚠️ Cet avis a une durée de validité. Il doit être valide lors de la siganture de l'acte,
D66: En attente | E66: Commander et faire réaliser les différents relevés géomètre (topo, bornage, repérage réseaux, géoréférencement BIM, héberges, houpiers d'arbres…) | F66: 🔗 | G66: 💡Retrouvez les différentes activités des géomètres-experts (lien à gauche) 💡Identifiez les géomètres-experts intervenus et ceux détenteurs des archives concernant votre foncier sur geofoncier.fr
D67: En attente | E67: Commander et faire réaliser les études géotechniques (G2AVP, G2PRO, hydrogéologie…) | F67: 🔗 | G67: 💡Retrouvez les différentes études géotechniques sur les sites des géotechniciens | I67: ⚠️ Échéance indiquée dans la promesse ?
D68: En attente | E68: Facultatif : Commander une étude de pollution du sol ou "étude environnementale" (phases 1 et 2) | F68: 🔗 | G68: 💡Retrouvez les différentes études environnementales sur les sites des BET | I68: ⚠️ Échéance indiquée dans la promesse ?
D69: En attente | E69: Facultatif : Consulter un acousticien (conception, mesures, classement acoustique des façades…) | F69: 🔗 | G69: 💡Retrouvez les différentes missions acoustiques sur les sites des acousticiens
D70: En attente | E70: S’informer sur la nécessité d’un dossier Loi sur l’Eau | F70: 🔗 | G70: ⚠️ Attention au principe d'indépendance des codes administratifs (urbanisme et environnemental) veillez à obtenir toutes les autorisations nécessaires 💡Contactez le service police de l'eau de votre DDT ou consultez les rubriques de la "Nomenclature eau" (lien à gauche) | I70: ⚠️ Échéance indiquée dans la promesse ?
D71: En attente | E71: Si concerné : Commander une étude hydraulique ou dossier Loi sur l'Eau | F71: 🔗 | G71: 💡Retrouvez les différentes études hydrauliques sur les sites des BET | I71: ⚠️ Échéance indiquée dans la promesse ?
D72: En attente | E72: S’informer sur la nécessité d’une évaluation environnementale (étude d'impact écologique) ou examen au cas par cas | F72: 🔗 | G72: ⚠️ Attention au principe d'indépendance des codes administratifs (urbanisme et environnemental) veillez à obtenir toutes les autorisations nécessaires 💡 Prévoyez une étude d'impact sur 1 an pour avoir toutes les saisons | I72: ⚠️ Échéance indiquée dans la promesse ?
D73: En attente | E73: Si concerné : Commander une étude d'impact écologique (évaluation environnementale) | I73: ⚠️ Échéance indiquée dans la promesse ?
D74: En attente | E74: S’informer sur la nécessité de réaliser un diagnostic archéologique | F74: 🔗 | G74: 💡Consultez la direction régionale des affaires culturelles (DRAC, service régional de l’archéologie) ⚠️ Attention les délais de traitement sont TRÈS longs | I74: ⚠️ Échéance indiquée dans la promesse ?
D75: En attente | E75: Si concerné : Consulter un opérateur d'archéologie préventive | F75: 🔗 | G75: ⚠️ A la suite du diagnostic archéologique il peut être prescrit une fouille préventive. Dans ce cas, vous devrez consulter un opérateur. | I75: ⚠️ Échéance indiquée dans la promesse ?
D76: En attente | E76: Si bâtiment existant : Faire réaliser les diagnostics nécessaires avant travaux ou démolition (amiante, plomb,…) | G76: ⚠️ Les diagnostics de vente ne valent pas diagnostics avant travaux | I76: ⚠️ Échéance indiquée dans la promesse ?
D77: En attente | E77: Si réhabilitation : Faire réaliser une étude structurelle | I77: ⚠️ Échéance indiquée dans la promesse ?
D78: En attente | E78: Si curage ou déconstruction : Faire réaliser un diag PEMD et le publier sur plateformepemd.developpement-durable.gouv.fr | F78: 🔗 | G78: 💡 Voir lien à gauche ⚠️ Obligatoire à partir de 1 000 m² ⚠️ Ne pas oublier de saisir le diag sur la plateforme PEMD du CSTB ⚠️ Un formulaire de récollement sera à transmettre à la fin du chantier | I78: ⚠️ Avant dépôt PC et avant passation des marchés trvx
D79: En attente | E79: Si déconstruction : Faire une étude du potentiel de changement de destination et d'évolution du bâtiment | F79: 🔗 | G79: ⚠️ À partir de 2023 une "étude du potentiel de changement de destination et d'évolution du bâtiment" est à joindre au diag PEMD | I79: ⚠️ Échéance indiquée dans la promesse ?
D80: En attente | E80: Envoi de la Déclaration de Travaux (DT) aux concessionnaires | F80: 🔗 | G80: 💡 Initiez votre démarche en ligne sur "construire sans détruire" (lien à gauche) ⚠️ Si, dans les 3 mois à compter de la consultation du téléservice, vous n’avez pas signé le marché ou la commande avec l’entreprise exécutant les travaux, vous devez renouveler votre DT. Vous en êtes dispensé si le marché de travaux prévoit des mesures techniques et financières permettant de prendre en compte d’éventuels ouvrages supplémentaires ou modifications d’ouvrages sans remettre en cause le projet ni la sécurité.
D81: En attente | E81: Vérifier viabilisation et puissances disponibles (élec, gaz, AEP, EP, telecom, EU, CU...) | I81: ⚠️ Échéance indiquée dans la promesse ?
D82: En attente | E82: Lancer les demandes de raccordements (élec, gaz, AEP, EP, telecom, EU, CU...)
D83: En attente | E83: Si concerné : Demander la consignation / suppression des différents réseaux (élec, gaz, AEP, EP, telecom, EU, CU, éclairage public...) | F83: 🔗 | G83: 💡 Retrouvez les coordonnées des concessionnaires en ligne sur "construire sans détruire" (lien à gauche) 💡 Certaines démarches peuvent se faire directement en ligne (Enedis, Orange…)
D84: En attente | E84: Se rapprocher de la collectivité pour connaître leurs prescriptions sur la question de l'infiltration ou rétention des eaux pluviales
D85: En attente | E85: Se rapprocher du service ordures ménagères pour connaître leurs prescriptions
D86: En attente | E86: Se rapprocher de La Poste pour connaître leurs prescriptions | F86: 🔗 | G86: ⚠️ Attention risque de refus de raccorder le bâtiment en fin d'opération 💡 Prenez contact dès avec le Centre Courrier
D87: En attente | E87: Si présence de constructions voisines proches : Engager les démarches pour un référé préventif ou un constat d'huissier | G87: ⚠️ Attention pour un référé préventif le délai de traitement peut être très long
D88: En attente | E88: Si besoin : Entamer les discussions et démarches pour la rédaction de servitudes (tréfonds, passage, réseaux...)
D89: En attente | E89: Si projet en BIM : demander au BIM Manager et à l'équipe conception, de rédiger une convention BIM | G89: 💡 Des modèles de conventions sont disponibles sur internet
D90: En attente | E90: Si rétrocession : rédiger une convention de rétrocession
D91: En attente | E91: Demander une autorisation écrite du propriétaire de pénétrer sur le terrain pour y réaliser les sondages
E93: MONTAGE DU PROJET - SUIVI DES ÉTUDES
D94: En attente | E94: Rendu de l'ESQ ou du DIAG par l'équipe conception | G94: 💡En construction cette phase est l'Esquisse, en rénovation il s'agit du Diagnostic ⚠️ Vérifiez que vous avez toutes les pièces attendues | H94: ='🗓 Planning'!D5 -> 0
D95: En attente | E95: Demander le calcul du coût travaux par l'économiste sur la base du dossier ESQ ou DIAG | G95: 💡Mettre à jour le bilan financier
D96: En attente | E96: Vérifier que le projet respecte toutes les normes et règles en vigueur (PLU,PPR, RE2020, PMR, incendie, sismique …) | G96: 💡Faites vérifier le projet à votre CSPS et Contrôleur Technique
D97: En attente | E97: Demander les pré-calculs Bbio, Degré-Heures et ACV (exigence RE2020) | F97: 🔗 | G97: 💡Voir guide RE2020
D98: En attente | E98: Demander l'étude de faisabilité relative aux approvisionnements en énergie, comparant au minimum 5 systèmes (exigence RE2020) | F98: 🔗 | G98: 💡Voir guide RE2020
D99: En attente | E99: Faire remarques sur les pièces de l'ESQ ou DIAG | G99: 💡Pensez à concerter vos collègues et autres intervenants concernés (acousticien, CSPS, CT…)
D100: En attente | E100: Mise à jour des plans en tenant compte des remarques de tous intervenants | G100: 💡Pensez à concerter vos collègues et autres intervenants concernés (acousticien, CSPS, CT…)
D101: En attente | E101: ⭐️ Tenir un tableau des surfaces | F101: 🔗
D102: En attente | E102: ⭐️ Faire des simulations financières sur la base de l'ESQ ou DIAG
D103: En attente | E103: ⭐️ Mettre à jour le planning prévisionnel
D104: En attente | E104: Valider l'ESQ ou le DIAG et passer à l'APS
D106: En attente | E106: Rendu de l'APS par l'équipe conception | G106: ⚠️ Vérifiez que vous avez toutes les pièces attendues | H106: ='🗓 Planning'!D6 -> 0
D107: En attente | E107: Demander le calcul du coût travaux par l'économiste sur la base du dossier APS | G107: 💡Mettre à jour le bilan financier
D108: En attente | E108: Vérifier que le projet respecte toutes les normes et règles en vigueur (PLU,PPR, RE2020, PMR, incendie, sismique …) | G108: 💡Faites vérifier le projet à votre CSPS et Contrôleur Technique
D109: En attente | E109: Demander les pré-calculs Bbio, Degré-Heures et ACV (exigence RE2020) | F109: 🔗 | G109: 💡Voir guide RE2020
D110: En attente | E110: Faire remarques sur les pièces de l'APS | G110: 💡Pensez à concerter vos collègues et autres intervenants concernés (acousticien, CSPS, CT…)
D111: En attente | E111: ⭐️ Mettre à jour le tableau des surfaces | G111: 💡Anticipez la numérotation des lots de copropriété, choisissez dès maintenant une numérotation logique et dans le sens horaire
D112: En attente | E112: ⭐️ Faire des simulations financières sur la base de l'APS
...

Sheet 💡Aide chronologie

Sheet 📈 Statistiques
H20: À faire | I20: =COUNTIF('✅ Check-list'!D:D,H20) -> 0
H21: Urgent | I21: =COUNTIF('✅ Check-list'!D:D,H21) -> 0
H22: Important | I22: =COUNTIF('✅ Check-list'!D:D,H22) -> 0
H23: En cours | I23: =COUNTIF('✅ Check-list'!D:D,H23) -> 0
H24: Fait | I24: =COUNTIF('✅ Check-list'!D:D,H24) -> 0
H25: En attente | I25: =COUNTIF('✅ Check-list'!D:D,H25) -> 388
H26: Non concerné | I26: =COUNTIF('✅ Check-list'!D:D,H26) -> 0
H28: TOTAL | I28: =SUM(I20:I26) -> 388

Sheet ⚙️ Légende
B2: Tableau Kanban | C2: Bullet Journal
B3: À faire | C3: .
B4: Urgent | C4: !
B5: Important | C5: !
B6: En cours | C6: /
B7: Fait | C7: X
B8: En attente
B9: Non concerné | C9: nc
